 Dungeon Crawl Stone Soup version 0.14-a0-102-g2341383 (console) character file.

159 Kellhus the Ruinous (level 4, 22/22 HPs)
             Began as a Gargoyle Wizard on Oct 2, 2013.
             Quit the game on Level 2 of the Dungeon.
             The game lasted 00:01:22 (1501 turns).

Kellhus the Ruinous (Gargoyle Wizard)               Turns: 1501, Time: 00:01:22

HP  22/22        AC  8     Str 11      XL: 4   Next:  8%
MP   3/11        EV 11     Int 19      God:
Gold 97          SH  0     Dex  8      Spells:  1 memorised,  8 levels left

Res.Fire  : . . .   See Invis. : .   (no weapon)
Res.Cold  : . . .   Warding    : .   a - +0 robe
Life Prot.: + . .   Conserve   : .   (no shield)
Res.Poison: +       Res.Corr.  : .   b - +0 wizard hat
Res.Elec. : +       Clarity    : .   g - +2 cloak
Sust.Abil.: . .     Spirit.Shd : .   (no gloves)
Res.Mut.  : .       Stasis     : .   (no boots)
Res.Rott. : +       Flight     : .   (no amulet)
Saprovore : . . .                    (no ring)
                                     (no ring)

@: slightly resistant to hostile enchantments, unstealthy
A: fangs 1, talons 2, life protection 1, electricity resistance, slow metabolism
1, unbreathing, petrification resistance, AC +3
a: no special abilities


You were on level 2 of the Dungeon.
You were not hungry.

You visited 1 branch of the dungeon, and saw 2 of its levels.

You collected 77 gold pieces.

Inventory:

Armour
 a - a +0 robe (worn)
 b - a +0 wizard hat (worn)
 g - a +2 cloak (worn)
Comestibles
 d - a bread ration
 n - a rotting chunk of adder flesh
 o - a pear
 p - a chunk of adder flesh
Scrolls
 f - a scroll of identify {unknown}
 i - a scroll of enchant weapon I {unknown}
 k - a scroll of noise {unknown}
Potions
 e - 2 potions of agility {unknown}
 h - a potion of curing {unknown}
 j - a potion of speed {unknown}
 l - a potion of heal wounds {unknown}
Books
 c - a book of Minor Magic

   Spells                             Type                      Level
   *Magic Dart                        Conjuration                  1
   Blink                              Translocation                2
   Call Imp                           Summoning                    2
   Repel Missiles                     Charms/Air                   2
   Slow                               Hexes                        2
   Conjure Flame                      Conjuration/Fire             3
   Mephitic Cloud                     Conjuration/Poison/Air       3


   Skills:
 - Level 1.5 Dodging
 - Level 2.1 Stealth
 - Level 3.0 Spellcasting
 + Level 4.1 Conjurations
   Level 0.8 Summonings
   Level 0.8 Translocations


You had 8 spell levels left.
You knew the following spells:

 Your Spells              Type           Power        Failure   Level  Hunger
a - Magic Dart            Conj           ###.         3%          1    None


Dungeon Overview and Level Annotations

Branches:
Dungeon (2/27)

Altars:


Innate Abilities, Weirdness & Mutations

You are resistant to torment.
You are immune to poison.
Your stone body is very resilient (AC +3).
You have very sharp teeth.
You have razor-sharp toenails.
You resist negative energy.
You are resistant to electric shocks.
You have a slow metabolism.
You can survive without breathing.
You are immune to petrification.


Message History

Confirm with . or Enter, or press ? or * to list all spells.
Aiming: Magic Dart
Press: ? - help, Shift-Dir - straight line, f/p - worm
Aim: a worm (severely wounded)
The magic dart hits the worm.
The worm is almost dead.
Casting: Magic Dart
Confirm with . or Enter, or press ? or * to list all spells.
Aiming: Magic Dart
Press: ? - help, Shift-Dir - straight line, f/p - worm
Aim: a worm (almost dead)
The magic dart hits the worm.
You kill the worm!
You have reached level 4!
You feel stronger.
Casting: Magic Dart
Confirm with . or Enter, or press ? or * to list all spells.
You can't see any susceptible monsters within range! (Use Z to cast anyway.)
You start resting.
Your magical contamination has completely faded away.
Are you sure you want to abandon this character and quit the game? (Confirm with "yes".)

#.##<# #.#
#.##.# #.#
#.##.### #.#
#.##...# #.#
#.####.# #.# #.#
#.# #.# #.# #.#
#.#### #.# #.#
####....####.#
..## #>#
#....@......(.
...# #.#
#.#####.####.#
.#.# #.# # .#
.#.# #.# # .#.#
#.# .#.# #.# ###
.#.###.#####.#..
.#.##..........#
##.##..#######.#


There were no monsters in sight!

Vanquished Creatures
  3 adders (D:2)
  A worm (D:2)
  A giant gecko (D:2)
  3 bats (D:2)
  A giant cockroach (D:2)
  6 hobgoblins (D:1)
  3 giant newts (D:1)
  6 goblins
  A kobold (D:1)
  4 rats
29 creatures vanquished.

Notes
Turn   | Place    | Note
--------------------------------------------------------------
     0 | D:1      | Kellhus, the Gargoyle Wizard, began the quest for the Orb.
     0 | D:1      | Reached XP level 1. HP: 8/8 MP: 5/5
   482 | D:1      | Reached XP level 2. HP: 11/13 MP: 4/7
  1073 | D:2      | Reached XP level 3. HP: 10/17 MP: 0/9
  1433 | D:2      | Reached skill level 4 in Conjurations
  1484 | D:2      | Reached XP level 4. HP: 22/22 MP: 1/11
  1501 | D:2      | Quit the game

Action                   |  1- 3 |  4- 6 || total
-------------------------+-------+-------++-------
Melee: Unarmed           |    15 |       ||    15
 Cast: Magic Dart        |    66 |     1 ||    67
